 Dungeon Crawl Stone Soup version 0.30-a0-385-gfebfb9b408 (webtiles) character file.

Game seed: 2194026115785508169

13344 holysushi the Covert (level 12, -19/80 HPs)
             Began as an Octopode Monk on Dec 3, 2022.
             Was an Initiate of Gozag.
             Demolished by a two-headed ogre
             ... wielding a +0 giant spiked club
              (28 damage)
             ... on level 10 of the Dungeon.
             The game lasted 00:40:21 (16526 turns).

holysushi the Covert (Octopode Monk)               Turns: 16526, Time: 00:40:21

Health: -19/80     AC:  1    Str: 10    XL:     12   Next: 5%
Magic:  4/13       EV: 21    Int: 13    God:    Gozag
Gold:   620        SH:  0    Dex: 19    Spells: 9/12 levels left

rFire   . . .      SeeInvis .    t - +1 short sword (venom)
rCold   . . .      Faith    .    (no shield)
rNeg    + . .      Spirit   .    (helmet restricted)
rPois   .          Reflect  .    (no amulet)
rElec   .          Harm     .    d - ring of flight
rCorr   .          Rampage  .    v - ring of positive energy
Will    .....                    (no ring)
Stlth   +++++++...               (no ring)
HPRegen 0.33/turn                (no ring)
MPRegen 0.13/turn                (no ring)
                                 (no ring)
                                 (no ring)

@: confusing by touch, flying, very slightly contaminated, slowed, studying
Stealth, very slow
A: almost no armour, amphibious, 8 rings, camouflage 1, gelatinous body 1,
(nimble swimmer 1), tentacles
a: Renounce Religion, Potion Petition, Call Merchant, Bribe Branch


You were on level 10 of the Dungeon.
You worshipped Gozag.
Gozag was pleased with you.
You visited 3 branches of the dungeon, and saw 13 of its levels.

You collected 2432 gold pieces.
You spent 192 gold pieces at shops.
You paid 1620 gold pieces to Gozag.

Inventory:

Hand Weapons
 a - a +0 short sword
 c - a +3 falchion
 p - a +1 dagger of venom
 q - a +0 rapier
 t - a +1 short sword of venom (weapon)
 u - a +0 dagger of chaos
 y - a +5 dagger
Missiles
 r - a throwing net (quivered)
Jewellery
 d - a ring of flight (left tentacle)
 v - a ring of positive energy (right tentacle)
 D - a ring of ice
Wands
 g - a wand of flame (25)
 j - a wand of paralysis (2)
 s - a wand of polymorph (5)
Scrolls
 e - a scroll of teleportation
 i - a scroll of identify
 l - 2 scrolls of fear
 m - a scroll of silence
 n - 2 scrolls of enchant armour
 w - 3 scrolls of poison
 x - 2 scrolls of vulnerability
 A - a scroll of amnesia
 B - a scroll of immolation
 C - a scroll of blinking
Potions
 b - a potion of ambrosia
 f - 4 potions of flight
 h - 2 potions of mutation
 k - 3 potions of brilliance
 o - 2 potions of might
 z - a potion of cancellation
 E - a potion of resistance {unknown}


   Skills:
 - Level 6.6 Fighting
 - Level 10.9 Short Blades
 - Level 12.0 Dodging
 - Level 13.0 Stealth
 + Level 0.7 Spellcasting
 + Level 1.0 Hexes
 - Level 6.7 Evocations


You had 9 spell levels left.
You knew the following spells:

 Your Spells              Type           Power      Damage    Failure   Level
a - Confusing Touch       Hex            3%         N/A       50%         3

Your spell library contained the following spells:

 Spells                   Type           Power      Damage    Failure   Level
 Slow                     Hex            12%        N/A       19%         1
 Sublimation of Blood     Necr           0%         N/A       41%         2
 Wereblood                Tmut           0%         N/A       41%         2
 Ignite Poison            Fire/Tmut/Pois 0%         N/A       65%         3
 Kindle Blastsparks       Fire/Tloc/Air  0%         2d10      65%         3
 Vampiric Draining        Necr           0%         2d6       65%         3
 Freezing Cloud           Conj/Ice/Air   0%         6-21      100%        5
 Yara's Violent Unravell  Hex/Tmut       0%         3d3       100%        5
 Enfeeble                 Hex            1%         N/A       100%        7
 Summon Hydra             Summ           0%         N/A       100%        7


Dungeon Overview and Level Annotations

Branches:
Dungeon (11/15) Zot: 24867  Temple (1/1) D:4 Zot: 5832    Lair (1/5) D:9 Zot: 5409
    Orc (0/2) D:11

Altars:
Ashenzari
Cheibriados
Dithmenos
Elyvilon
Fedhas
Gozag
Hepliaklqana
Kikubaaqudgha
Makhleb
Nemelex Xobeh
Okawaru
Qazlal
Ru
Sif Muna
Trog
Uskayaw
Vehumet
Wu Jian
Xom
Yredelemnul
Zin
The Shining One

Shops:
D:3 ?*   D:10 (   D:11 ([

Annotations:
D:6 3 runed translucent doors, exclusion: oklob plant, CowFu's ghost, novice MiFi
D:8 1 transporter
D:11 1 transporter, olddryhag's ghost, journeyman DrTm


Innate Abilities, Weirdness & Mutations

You cannot wear most types of armour.
You are amphibious.
You can wear up to eight rings at the same time.
Your skin changes colour to match your surroundings (Stealth+).
Your rubbery body absorbs attacks. (AC +1, EV +1)
((You are camouflaged when in or above water. (Stealth+)))
You have tentacles for arms and can constrict up to eight enemies at once.


Message History

The two-headed ogre is moderately wounded.
The two-headed ogre hits you with a +0 giant spiked club!!
The two-headed ogre completely misses you.
A mysterious force pulls you upwards. The hatch slams shut behind you.
Casting: Confusing Touch (dangerous; 50% risk of failure)
Confirm with . or Enter, or press ? or * to list all spells.
You miscast Confusing Touch.
You are very lightly contaminated with residual magic.
Nothing appears to happen.
The two-headed ogre barely misses you.
The two-headed ogre completely misses you.
Casting: Confusing Touch (dangerous; 50% risk of failure)
Confirm with . or Enter, or press ? or * to list all spells.
You miscast Confusing Touch.
Strange energies run through your body.
You feel yourself slow down.
Casting: Confusing Touch (dangerous; 50% risk of failure)
Confirm with . or Enter, or press ? or * to list all spells.
Your tentacles begin to glow red.
The two-headed ogre closely misses you. The two-headed ogre misses you.
You hit the two-headed ogre but do no damage.
Your squeeze misses the two-headed ogre.
The two-headed ogre is moderately wounded.
The two-headed ogre completely misses you.
The two-headed ogre hits you with a +0 giant spiked club!!
You hit the two-headed ogre but do no damage.
You squeeze the two-headed ogre, but do no damage.
The two-headed ogre is moderately wounded.
You hit the two-headed ogre but do no damage.
You squeeze the two-headed ogre.
The two-headed ogre is moderately wounded.
The two-headed ogre misses you. x2
You completely miss the two-headed ogre.
You squeeze the two-headed ogre.
The two-headed ogre is heavily wounded.
You hit the two-headed ogre but do no damage.
The two-headed ogre is heavily wounded.
The two-headed ogre hits you with a +0 giant spiked club!!
* * * LOW HITPOINT WARNING * * *
The two-headed ogre hits you with a +0 giant spiked club!!
You die...
Your body crumbles into a pile of gold.

'......'...###.........#
#......##### #.........#
##'##### #.........#
#.## #....>....# #..#
#######.### ##.# ##...#
#.# #..### ###'######
#####'###
.........####...@...#
.........'.##..O..).#
.........#..'.......#
..<......####.......#
.........# #.......#
########## #.......#
#########


You could see a two-headed ogre.

Vanquished Creatures
  A boulder beetle (D:9)
  A two-headed ogre (D:9)
  An orc knight (D:11)
  An ugly thing (D:11)
  Maurice (D:11)
  An elephant (Lair:1)
  A cane toad (Lair:1)
  A rime drake (Lair:1)
  2 kobold demonologists
  3 komodo dragons
  3 trolls (D:10)
  Grinder (D:5)
  A wraith (D:9)
  A wyvern (D:9)
  18 yaks
  A basilisk (Lair:1)
  Menkaure (D:7)
  3 acid dragons
  2 water moccasins
  Duvessa (D:7)
  5 orc warriors
  2 black bears (D:5)
  An ice beast (D:7)
  3 centaurs
  2 phantoms
  5 kobold brigands
  3 bullfrogs
  2 scorpions
  A necrophage (D:7)
  2 gnoll sergeants (D:10)
  A wyvern zombie (D:6)
  9 wights
  Dowan (D:7)
  A killer bee (D:10)
  A howler monkey (D:10)
  5 crimson imps
  7 hounds
  8 orc priests
  3 gnoll boudas
  An iron imp (D:10)
  5 jellies
  5 iguanas
  9 orc wizards
  A killer bee zombie (D:6)
  6 adders
  22 gnolls
  2 shadow imps
  2 white imps (D:6)
  3 ufetubi
  A worm (D:2)
  3 dart slugs
  37 orcs
  23 endoplasms
  6 giant cockroaches
  9 goblins
  4 hobgoblins
  2 jackals (D:4)
  5 quokkas
  5 ball pythons
  7 bats
  2 frilled lizards (D:3)
  29 kobolds
  9 rats
305 creatures vanquished.

Vanquished Creatures (others)
  A kobold (D:9)
  4 fungi
  22 plants
27 creatures vanquished.

Grand Total: 332 creatures vanquished

Notes
Turn   | Place    | Note
-------+----------+-------------------------------------------
     0 | D:1      | holysushi the Octopode Monk began the quest for the Orb.
     0 | D:1      | Reached XP level 1. HP: 16/16 MP: 1/1
   105 | D:1      | Reached XP level 2. HP: 21/21 MP: 2/2
   423 | D:1      | Reached XP level 3. HP: 22/26 MP: 3/3
  1008 | D:2      | Found a faded altar of an unknown god.
  1132 | D:3      | Found Egejam's Magic Scroll Shop.
  1139 | D:3      | Bought a scroll of identify for 22 gold pieces
  1139 | D:3      | Bought a scroll of identify for 22 gold pieces
  1139 | D:3      | Bought a scroll of identify for 22 gold pieces
  1171 | D:3      | Found Qorphor's General Store.
  1207 | D:3      | Reached XP level 4. HP: 30/31 MP: 4/4
  1457 | D:3      | Found a bloodstained altar of Trog.
  1519 | D:3      | Reached skill level 5 in Short Blades
  2042 | D:4      | Reached skill level 1 in Evocations
  2118 | D:4      | Reached XP level 5. HP: 36/36 MP: 5/5
  2119 | D:4      | Noticed a phantom
  2128 | D:4      | Killed a phantom
  2164 | D:4      | Identified the +2 robe of Iczastru Jaim {Drain rF+ Will+++
                  | Int+4}
  2335 | D:4      | Found an ornate altar of the Wu Jian Council.
  2347 | D:4      | Reached XP level 6. HP: 20/42 MP: 6/6
  2516 | D:4      | Found a staircase to the Ecumenical Temple.
  2625 | Temple   | Entered the Ecumenical Temple
  2782 | Temple   | Became a worshipper of Gozag Ym Sagoz the Greedy
  2926 | D:3      | Bought a scroll of silence for 104 gold pieces
  2926 | D:3      | Bought a scroll of identify for 22 gold pieces
  2982 | D:5      | Entered Level 5 of the Dungeon
  2993 | D:5      | Noticed Grinder
  3102 | D:5      | Paralysed by Grinder for 2 turns
  3108 | D:5      | Killed Grinder
  3109 | D:5      | Reached XP level 7. HP: 48/48 MP: 7/7
  3493 | D:5      | Reached XP level 8. HP: 27/54 MP: 8/8
  3918 | D:5      | Reached skill level 3 in Stealth
  4207 | D:5      | Found an ancient bone altar of Kikubaaqudgha.
  4419 | D:6      | Found a glowing golden altar of the Shining One.
  4442 | D:6      | Reached skill level 4 in Stealth
  4455 | D:6      | Reached skill level 5 in Dodging
  4645 | D:6      | Found a sparkling altar of Nemelex Xobeh.
  4872 | D:6      | Noticed an oklob plant
  4913 | D:6      | Reached skill level 5 in Stealth
  5395 | D:6      | Reached skill level 6 in Stealth
  5482 | D:6      | Found a runed translucent gate.
  5482 | D:6      | Found a runed translucent gate.
  5482 | D:6      | Found a runed translucent gate.
  5482 | D:6      | Noticed CowFu's ghost (novice MiFi)
  5484 | D:6      | Found a basalt altar of Yredelemnul.
  5490 | D:6      | Reached XP level 9. HP: 57/57 MP: 9/9
  6742 | D:7      | Reached skill level 7 in Stealth
  6883 | D:7      | Reached skill level 8 in Stealth
  6938 | D:7      | Found a shimmering altar of Xom.
  7044 | D:7      | Reached skill level 10 in Short Blades
  7066 | D:7      | Noticed Dowan
  7341 | D:7      | Noticed Duvessa
  7354 | D:7      | Killed Duvessa
  7360 | D:7      | Killed Dowan
  7361 | D:7      | Reached skill level 9 in Stealth
  7785 | D:7      | Noticed Menkaure
  7788 | D:7      | Killed Menkaure
  8155 | D:8      | Found a transporter.
  8166 | D:8      | Noticed a kobold demonologist
  8206 | D:8      | Reached skill level 10 in Stealth
  8275 | D:7      | Found a shimmering altar of Xom.
  8955 | D:8      | Reached XP level 10. HP: 63/63 MP: 10/10
  9399 | D:8      | Found a transporter.
  9493 | D:8      | Noticed a sixfirhy
  9496 | D:8      | Noticed a smoke demon
  9497 | D:8      | Noticed a smoke demon
  9696 | D:9      | Found a shimmering blue altar of Sif Muna.
  9710 | D:9      | Noticed a two-headed ogre
  9716 | D:9      | Killed a two-headed ogre
  9717 | D:9      | Reached skill level 11 in Stealth
  9966 | D:9      | Reached skill level 5 in Fighting
 10123 | D:9      | Noticed a kobold demonologist
 10130 | D:9      | Killed a kobold demonologist
 10155 | D:9      | Reached skill level 12 in Stealth
 10434 | D:9      | Found a shadowy altar of Dithmenos.
 10434 | D:9      | Noticed a boulder beetle
 10436 | D:9      | Killed a boulder beetle
 10655 | D:9      | Found a sacrificial altar of Ru.
 10656 | D:9      | Found a white marble altar of Elyvilon.
 10656 | D:9      | Found a radiant altar of Vehumet.
 10657 | D:9      | Found a hazy altar of Hepliaklqana.
 10836 | D:9      | Found a staircase to the Lair.
 10935 | D:9      | Reached XP level 11. HP: 72/72 MP: 11/11
 11086 | D:10     | Entered Level 10 of the Dungeon
 11130 | D:10     | Reached skill level 13 in Stealth
 11152 | D:10     | Reached skill level 5 in Evocations
 11602 | Lair:1   | Entered Level 1 of the Lair of Beasts
 11793 | Lair:1   | Reached skill level 10 in Dodging
 12630 | D:10     | Found a snail-covered altar of Cheibriados.
 14738 | D:11     | Noticed olddryhag's ghost (journeyman DrTm)
 14738 | D:11     | Identified the +6 great mace "Jellyslayer" {venom, rPois
                  | rF+ Str-2}
 14738 | D:11     | Noticed a two-headed ogre
 14738 | D:11     | Noticed a two-headed ogre
 14739 | D:11     | Found a transporter.
 14739 | D:11     | Noticed a two-headed ogre
 14739 | D:11     | Noticed a two-headed ogre
 14741 | D:11     | Noticed a two-headed ogre
 14881 | D:11     | Noticed a cyan ugly thing
 14894 | D:11     | Killed a cyan ugly thing
 15680 | D:11     | Found Ufeishrua's Armour Shop.
 15680 | D:11     | Found a staircase to the Orcish Mines.
 15680 | D:11     | Found Kekops's Weapon Shop.
 15681 | D:11     | Noticed an orc knight
 15681 | D:11     | Noticed a cyclops
 15902 | D:11     | Killed an orc knight
 15996 | D:11     | Noticed a cyclops
 16047 | D:10     | Reached XP level 12. HP: 28/80 MP: 12/12
 16226 | D:11     | Learned a level 3 spell: Confusing Touch
 16260 | D:11     | Noticed Maurice
 16276 | D:11     | Killed Maurice
 16277 | D:11     | Reached skill level 1 in Hexes
 16503 | D:11     | Noticed a two-headed ogre
 16508 | D:11     | Noticed a two-headed ogre
 16526 | D:10     | Demolished by a two-headed ogre

Illustrated notes

Levels and vault maps discovered:
D:1:      dpeg_arrival_boxes_within_box, layout_basic, st_stairs_10
D:2:      layout_rooms, shapermc_ecumenical_altar_acropolis
D:3:      layout_loops_corners, mainiacjoe_overflow_tiny_flanked, serial_shops,
          nicolae_shop_temple_entry_statues_fountains, shop_fountains
D:4:      layout_rooms, nicolae_wu_jian_immortal_techniques,
          minmay_temple_entry_mist, minmay_misc_feat_doors
D:5:      layout_basic, mainiacjoe_overflow_concentric_impassable,
          corexii_hall_statues_u, grunt_ministairs_6, uniq_grinder
D:6:      lemuel_slime, layout_basic, amcnicky_altar_gilded,
          nemelex_xobeh_ov_fountains_minmay, nicolae_yredelemnul_ghost_church,
          minmay_manual_mail
D:7:      layout_basic, led_xom_imps, serial_glass, glass_columns_a,
          glass_columns_a, minmay_stone_trees_medium, minivault_5,
          amethyst_killhole, uniq_menkaure, uniq_duvessa
D:8:      gammafunk_wand_slinger, layout_rooms
D:9:      layout_loops_corners, mainiacjoe_overflow_24_doors,
          nicolae_sif_muna_condensation,
          chequers_temple_overflow_statue_of_worship, lair_entry_dummy,
          minmay_fire_ice_demons
D:10:     layout_roguey, slow_altar_1, minmay_between
D:11:     layout_basic, orc_david_3, gammafunk_ghost_smash, minmay_circle_x,
          uniq_maurice
Temple:   hellmonk_temple_flake
Lair:1:   layout_gridlike, serial_bayou_lake_a

Skill      XL: |  1  2  3  4  5  6  7  8  9 10 11 12 |
---------------+-------------------------------------+-----
Short Blades   | 4 5 6 8 9 10 | 10.9
Evocations     | 1 2 3 4 6 |  6.7
Fighting       | 4 5 6 |  6.6
Dodging        | 4 5 7 9 11 12 | 12.0
Stealth        | 6 10 12 13 | 13.0
Hexes          | 1 |  1.0
Spellcasting   | |  0.7

Action                   |  1- 3 |  4- 6 |  7- 9 | 10-12 || total
-------------------------+-------+-------+-------+-------++-------
Melee: Short sword       |   104 |    81 |   130 |   191 ||   506
       Constrict         |    25 |    22 |    68 |    55 ||   170
       Tentacles         |    20 |    18 |   123 |   181 ||   342
       Punch             |     4 |     1 |     9 |    12 ||    26
       Dagger            |       |       |   261 |   329 ||   590
       Rapier            |       |       |       |    12 ||    12
 Cast: Confusing Touch   |       |       |       |     1 ||     1
Invok: Potion Petition   |       |       |     1 |     3 ||     4
       Call Merchant     |       |       |       |     1 ||     1
Evoke: Wand              |       |     8 |     7 |    32 ||    47
  Use: Scroll            |     5 |     2 |     9 |    10 ||    26
       Potion            |       |       |     6 |     3 ||     9
 Stab: Sleeping          |     9 |     4 |    16 |    18 ||    47
       Paralysed         |       |     3 |     1 |     4 ||     8
       Distracted        |       |       |     6 |     4 ||    10
Armor: Skin              |    11 |     4 |    12 |     9 ||    36
Dodge: Dodged            |    61 |    49 |   185 |   311 ||   606

Table legend: (Time is in decaauts)
 A = Elapsed time spent in this place.
 B = Non-inter-level travel time spent in this place.
 C = Inter-level travel time spent in this place.
 D = Time resting spent in this place.
 E = Time spent auto-exploring this place.
 F = Levels seen in this place.
 G = Mean time per level.
                   A        B        C        D        E       F      G
               +--------+--------+--------+--------+--------+-----+--------+
         Total |  16028 |  15239 |    789 |   4960 |   5988 |  13 | 1232.9 |
       Dungeon |  15270 |  14492 |    778 |   4845 |   5700 |  11 | 1388.2 |
        Temple |    167 |    157 |     10 |      0 |    131 |   1 |  167.0 |
          Lair |    590 |    590 |      0 |    115 |    157 |   1 |  590.0 |
               +--------+--------+--------+--------+--------+-----+--------+

Top non-repeatable levels by time:
    D:10: 3181 daAuts
     D:7: 2067 daAuts
     D:6: 2053 daAuts
     D:9: 1863 daAuts
     D:5: 1295 daAuts
    D:11: 999 daAuts
     D:3: 964 daAuts
     D:4: 912 daAuts
     D:8: 821 daAuts
     D:1: 735 daAuts
  Lair:1: 590 daAuts
     D:2: 375 daAuts
  Temple: 167 daAuts
